 Dungeon Crawl Stone Soup version 0.31-a0-700-gf13585253f (webtiles) character file.

Game seed: 5776349812546314940

42 qw the Shooter (level 3, -6/22 HPs)
             Began as a Gargoyle Hunter on Sept 7, 2023.
             Mangled by Sigmund
             ... wielding a +0 scythe
              (10 damage)
             ... on level 2 of the Dungeon.
             The game lasted 00:00:22 (1306 turns).

qw the Shooter (Gargoyle Hunter)                    Turns: 1306, Time: 00:00:23

Health: -6/22      AC:  8    Str: 14    XL:     3   Next: 54%
Magic:  3/3        EV: 10    Int:  9    God:
Gold:   61         SH:  0    Dex: 15    Spells: 2/2 levels left

rFire   . . .        Y - +1 shortbow
rCold   . . .        (shield currently unavailable)
rNeg    + . .        i - +0 ring mail
rPois   inf          (no helmet)
rElec   +            (no cloak)
rCorr   .            (no gloves)
SInv    .            (no boots)
Will    .....        (no amulet)
Stlth   +            (no ring)
HPRegen 0.23/turn    (no ring)
MPRegen 0.08/turn

%: no passive effects
@: no status effects
A: sickness immunity, AC +3, negative energy resistance 1, electricity
resistance, torment resistance 1, petrification resistance
a: no special abilities


You were on level 2 of the Dungeon.
You visited 1 branch of the dungeon, and saw 2 of its levels.

You collected 61 gold pieces.


Innate Abilities, Weirdness & Mutations

You are immune to sickness and miasma.
Your stone body is resilient. (AC +3)
You are immune to poison.
You resist negative energy. (rN+)
You are resistant to electric shocks. (rElec)
You are resistant to unholy torment.
You are immune to petrification.


   Skills:
 + Level 2.3 Fighting
 - Level 5.0 Ranged Weapons
 - Level 1.0 Armour
 - Level 1.5 Dodging
 - Level 1.1 Stealth


You had 2 spell levels left.
You didn't know any spells.
Your spell library was empty.

Inventory:

Hand Weapons
 Y - a +1 shortbow (weapon)
Armour
 a - a +0 cloak
 i - a +0 ring mail (worn)
Jewellery
 b - a ring of wizardry
Potions
 g - a potion of enlightenment
 h - a potion of berserk rage {unknown}

Dungeon Overview and Level Annotations

Branches:
Dungeon (2/15)

Altars:

Annotations:
D:2 Sigmund


Message History

A bat comes into view.
Sigmund gestures wildly while chanting.
Sigmund flickers and vanishes!
Deactivating autopickup; reactivate with Ctrl-A.
There is an open door here.
You shoot an arrow. The arrow closely misses the goblin.
The bat misses you.
A dart slug comes into view.
The goblin hits you but does no damage.
You shoot an arrow. The arrow closely misses the goblin.
The bat closely misses you. x2; The goblin hits you but does no damage.
The dart slug launches a dart at you.
The slug dart hits you but does no damage.
You shoot an arrow. The arrow barely misses the bat.
The bat barely misses you. The goblin hits you with a +0 club.
The goblin barely misses you. Something hits you but does no damage.
The bat closely misses you.
You shoot an arrow. The arrow hits the dart slug!
The dart slug is almost dead.
The bat closely misses you. The dart slug closely misses you.
The goblin hits you with a +0 club.
You shoot an arrow. The arrow hits the dart slug!
You kill the dart slug!
The bat barely misses you. Something hits you.
The goblin hits you with a +0 club. The bat hits you but does no damage.
You shoot an arrow. The arrow hits the bat.
The bat is heavily wounded.
The bat closely misses you. The bat barely misses you.
Something hits you but does no damage. The goblin completely misses you.
You shoot an arrow. The arrow hits the goblin.
You kill the goblin!
The bat misses you. Something hits you!
You shoot an arrow. The arrow closely misses the bat.
The bat hits you but does no damage. Something hits you.
You shoot an arrow. The arrow closely misses the bat.
The bat closely misses you. Something hits you but does no damage.
You shoot an arrow. The arrow hits the bat.
The bat is severely wounded.
The bat hits you but does no damage. Something hits you!
You die...

.# .# .# .######
.....[. .......
#####.b.....
#########...@.......
...........###)..(...
...........# .......
...........# .......
...........# ....[..
...........# .......
..........## #######
..........#
..........#


You could see a bat.

Vanquished Creatures
  A dart slug (D:2)
  A ball python (D:1)
  5 endoplasms
  2 giant cockroaches (D:1)
  3 goblins
  3 hobgoblins
  3 jackals (D:2)
  4 kobolds
  2 quokkas
  4 bats
  2 frilled lizards (D:1)
  2 rats (D:2)
32 creatures vanquished.

Notes
Turn   | Place    | Note
-------+----------+-------------------------------------------
     0 | D:1      | qw the Gargoyle Hunter began the quest for the Orb.
     0 | D:1      | Reached XP level 1. HP: 12/12 MP: 1/1
     0 | D:1      | 0 ||| qw: Version: 0.3-a-76-g4403597
     0 | D:1      | 0 ||| qw: Game counter: 530
     0 | D:1      | 0 ||| qw: Melee chars always use a shield: true
     0 | D:1      | 0 ||| qw: God list: Okawaru
     0 | D:1      | 0 ||| qw: Allow faded altars: false
     0 | D:1      | 0 ||| qw: Do Orc after clearing Dungeon:15 true
     0 | D:1      | 0 ||| qw: Do second Lair branch before Depths: true
     0 | D:1      | 0 ||| qw: Lair rune preference: random
     0 | D:1      | 0 ||| qw: Goals: Normal
     0 | D:1      | 0 ||| PLANNING D:1-11
   118 | D:1      | Reached XP level 2. HP: 17/17 MP: 2/2
   610 | D:1      | Reached XP level 3. HP: 20/21 MP: 3/3
   612 | D:1      | Found a faded altar of an unknown god.
   639 | D:1      | 639 ||| UPGRADING to +0 ring mail.
   649 | D:1      | 649 ||| DROPPING +0 leather armour.
   650 | D:1      | 650 ||| READING scroll labelled LECZUN NAAMAR.
   651 | D:1      | 651 ||| READING scroll labelled LECRUO ZARGH.
   652 | D:1      | 652 ||| READING scroll labelled ULORHU XIVA.
   653 | D:1      | 653 ||| DRINKING 2 fizzy brown potions.
   654 | D:1      | 654 ||| DROPPING scroll of butterflies.
   943 | D:2      | Reached skill level 1 in Armour
  1065 | D:2      | Reached skill level 5 in Ranged Weapons
  1294 | D:2      | Noticed Sigmund
  1304 | D:2      | HP: 3/22 [something (5)]
  1306 | D:2      | Mangled by Sigmund

Levels and vault maps discovered:
D:1:      wander_arrival_estate, layout_basic,
          shapermc_ecumenical_altar_mp_vishouse
D:2:      layout_basic, uniq_sigmund

Skill      XL: |  1  2  3 |
---------------+----------+-----
Armour         | 1 |  1.0
Ranged Weapons | 5 |  5.0
Fighting       | |  2.3
Dodging        | |  1.5
Stealth        | |  1.1

Action                     || total
---------------------------++-------
   Fire: Shortbow          ||    82
    Use: Scroll            ||     3
         Potion            ||     1
 Armour: Leather armour    ||     9
         Ring mail         ||    19
  Dodge: Dodged            ||    27

Table legend:
 A = Non-vault XP
 B = Vault XP
 C = Vault XP percentage of total XP
 D = Non-vault monster count
 E = Vault monster count
 F = Vault count percentage of total count
                 A         B        C        D         E       F
            +---------+---------+-------+---------+---------+-------
      Total |      60 |       0 |   0.0 |      32 |       0 |   0.0
            +---------+---------+-------+---------+---------+-------
        D:1 |      34 |       0 |   0.0 |      19 |       0 |   0.0
        D:2 |      26 |       0 |   0.0 |      13 |       0 |   0.0
            +---------+---------+-------+---------+---------+-------
